 Dungeon Crawl Stone Soup version 0.32-a0-35-gd9ff480968 (webtiles) character file.

Game seed: 10131962699543778715

6720 Jeffwins the Thaumaturge (level 11, -15/111 HPs)
             Began as an Oni Fire Elementalist on Jan 23, 2024.
             Was a Follower of Vehumet.
             Demolished by an ettin
             ... wielding a +0 dire flail
              (39 damage)
             ... on level 1 of the Orcish Mines.
             The game lasted 00:17:05 (11735 turns).

Jeffwins the Thaumaturge (Oni Fire Elementalist)   Turns: 11735, Time: 00:17:05

Health: -15/111    AC:  4    Str: 14    XL:     11   Next: 4%
Magic:  24/24      EV: 10    Int: 20    God:    Vehumet [*.....]
Gold:   160        SH:  0    Dex:  9    Spells: 26/29 levels left

rFire   + . .        d - +2 halberd (venom)
rCold   + . .        (shield currently unavailable)
rNeg    . . .        a - +0 robe
rPois   .            (helmet restricted)
rElec   .            h - +0 cloak
rCorr   .            (gloves unavailable)
SInv    .            (boots unavailable)
Will    ++...        v - amulet of magic regeneration
Stlth   ++           Z - ring of wizardry
HPRegen 0.38/turn    F - ring of protection from fire
MPRegen 0.59/turn

%: wizardry (x1)
@: no status effects
A: large, unfitting armour, horns 1, tough skin 1, double potion healing,
drunken brawling, cold resistance 1, strong-willed 1
a: Renounce Religion


You were on level 1 of the Orcish Mines.
You worshipped Vehumet.
Vehumet was aware of your devotion.
You visited 3 branches of the dungeon, and saw 11 of its levels.

You collected 563 gold pieces.
You spent 403 gold pieces at shops.


Innate Abilities, Weirdness & Mutations

You are too large for most types of armour.
You have a pair of small horns on your head.
You have tough skin. (AC +1)
You gain doubled healing and magic from potions.
Whenever you drink a healing potion, you attack all around you.
Your flesh is cold resistant. (rC+)
You are strong-willed. (Will+)


   Skills:
 + Level 8.0 Fighting
 - Level 2.0 Dodging
 - Level 2.0 Stealth
 * Level 9.8 Spellcasting
 * Level 7.8 Conjurations
 * Level 8.3 Fire Magic
 + Level 2.4 Evocations


You had 26 spell levels left.
You knew the following spells:

 Your Spells              Type           Power      Damage    Failure   Level
x - Scorch                Fire           86%        2d8       1%          2
z - Foxfire               Conj/Fire      100%       2x1d9     1%          1

Your spell library contained the following spells:

 Spells                   Type           Power      Damage    Failure   Level
 Sting                    Conj/Alch      100%       1d9       1%          1
 Inner Flame              Hex/Fire       26%        N/A       1%          3
 Volatile Blastmotes      Fire/Tloc      52%        2d14      1%          3
 Flame Wave               Conj/Fire      42%        2d11      1%          4
 Slow                     Hex            36%        N/A       2%          1
 Lesser Beckoning         Tloc           18%        N/A       4%          2
 Sublimation of Blood     Necr           9%         N/A       4%          2
 Confusing Touch          Hex            9%         N/A       9%          3
 Gell's Gravitas          Tloc           9%         N/A       9%          3
 Sigil of Binding         Hex            9%         N/A       9%          3
 Teleport Other           Tloc           9%         N/A       9%          3
 Vampiric Draining        Necr           9%         2d6       9%          3
 Irradiate                Conj/Alch      12%        3d15      16%         5
 Petrify                  Alch/Erth      9%         N/A       26%         4

Inventory:

Hand Weapons
 d - a +2 halberd of venom (weapon)
 m - a +0 morningstar of protection
 p - a +0 dagger of draining
Missiles
 b - 2 throwing nets {=f}
 s - 23 poisoned darts
Armour
 a - a +0 robe (worn)
 h - a +0 cloak (worn)
 j - a scarf of harm
Jewellery
 v - an amulet of magic regeneration (around neck)
 x - a +6 ring of dexterity
 F - a ring of protection from fire (right hand)
 X - a +6 ring of dexterity
 Z - a ring of wizardry (left hand)
Wands
 t - a wand of polymorph (2)
 w - a wand of paralysis (8)
 y - a wand of mindburst (13)
 J - a wand of digging (4)
Scrolls
 g - 5 scrolls of identify {@r1}
 k - a scroll of fog
 l - 5 scrolls of teleportation {@r4}
 o - a scroll of butterflies
 q - 2 scrolls of immolation {!r}
 u - 2 scrolls of enchant armour
 A - a scroll of blinking
 B - 2 scrolls of amnesia
 D - a scroll of poison {!r}
 I - a scroll of enchant weapon {unknown}
Potions
 c - 3 potions of mutation {!q}
 e - 3 potions of invisibility
 f - a potion of might
 i - 2 potions of lignification {unknown}
 n - a potion of haste {@q3}
 r - 2 potions of curing {@q1}
 z - a potion of ambrosia {unknown}
 C - a potion of degeneration {unknown}
 E - a potion of magic
 G - a potion of attraction {!q}
 H - a potion of heal wounds {@q2}
 K - a potion of resistance {unknown}

Dungeon Overview and Level Annotations

Branches:
Dungeon (9/15)             Temple (1/1) D:7            Lair (0/5) D:8
    Orc (1/2) D:9

Altars:
Ashenzari
Cheibriados
Dithmenos
Elyvilon
Fedhas
Gozag
Hepliaklqana
Kikubaaqudgha
Makhleb
Nemelex Xobeh
Okawaru
Qazlal
Ru
Sif Muna
Trog
Uskayaw
Vehumet
Wu Jian
Xom
Yredelemnul
Zin
The Shining One

Shops:
D:2 !   D:3 (   D:5 ! D:8

:*?: .# ...
....###
.......######
.○)....@.##.##
......C......##
...K...#......#
......###..#.##
......##...###
..........##
..........##
...........####
...##.......##


You could see an ettin and a kobold blastminer (paralysed).


Message History

Unknown command.
Aiming: Mindburst
Press: ? - help, Shift-Dir - straight line, f/p - kobold blastminer
Aim: a kobold blastminer, wielding a +2 hand cannon of flaming (heavily wounded, chance to affect: 74%)
The kobold blastminer struggles to resist.
Unknown command.
Unknown command.
Aiming: Mindburst
Press: ? - help, Shift-Dir - straight line, f/p - kobold blastminer
Aim: a kobold blastminer, wielding a +2 hand cannon of flaming (moderately wounded, chance to affect: 74%)
The kobold blastminer's mind is blasted!
The kobold blastminer blasts its cannon at you.
The iron shot hits you!!
* * * LOW HITPOINT WARNING * * *
The kobold blastminer is knocked back by the blast.
Unknown command.
Aiming: Mindburst
Press: ? - help, Shift-Dir - straight line, f/p - kobold blastminer
Aim: a kobold blastminer, wielding a +2 hand cannon of flaming (severely wounded, chance to affect: 74%)
The kobold blastminer's mind is blasted!
You blow up the kobold blastminer!
Vehumet accepts your kill.
Your Fighting skill increases to level 8!
You have reached level 11!
Aiming: Mindburst
Press: ? - help, Shift-Dir - straight line, f - ettin
Aim: an ettin, wielding two +0 dire flails (chance to affect: 58%)
The ettin resists with significant effort.
The ettin hits you with a +0 dire flail!!!
You die...

Skill      XL: |  1  2  3  4  5  6  7  8  9 10 |
---------------+-------------------------------+-----
Conjurations   | 1 2 3 5 6 7 |  7.8
Fighting       | 1 2 3 4 5 6 8 |  8.0
Dodging        | 2 |  2.0
Fire Magic     | 3 4 6 7 8 |  8.3
Spellcasting   | 3 4 5 6 8 9 |  9.8
Stealth        | 2 |  2.0
Evocations     | 2 |  2.4

Action                     |  1- 3 |  4- 6 |  7- 9 | 10-12 || total
---------------------------+-------+-------+-------+-------++-------
  Melee: Unarmed           |    10 |       |       |       ||    10
         Headbutt          |     2 |     3 |    10 |     1 ||    16
         Punch             |     1 |       |     1 |       ||     2
         Morningstar       |     6 |    11 |    45 |       ||    62
         Halberd           |       |       |     7 |     4 ||    11
   Cast: Foxfire           |    86 |    99 |    99 |   111 ||   395
         Scorch            |       |     2 |    82 |   106 ||   190
  Evoke: Wand              |       |       |     2 |    12 ||    14
    Use: Potion            |       |     4 |     6 |     2 ||    12
         Scroll            |       |       |       |     9 ||     9
   Stab: Paralysed         |       |       |     4 |       ||     4
 Armour: Robe              |    26 |    31 |   108 |    96 ||   261
  Dodge: Dodged            |    15 |    17 |    64 |    54 ||   150

Levels and vault maps discovered:
D:1:      dpeg_arrival_court, layout_basic, minmay_misc_feat_four_crosses,
          wad_floor_pattern_untrapped, nicolae_figureground_pulse
D:2:      layout_basic, serial_shops,
          nicolae_shop_temple_entry_statues_fountains, basic_altar,
          minmay_misc_feat_iff
D:3:      minmay_evil_eye, layout_basic, serial_shops, shop, st_stairs_6,
          kennysheep_generic_room_7
D:4:      layout_rooms
D:5:      layout_loops_corners, serial_shops, nicolae_shop_industrial_runoff,
          uniq_eustachio, uniq_duvessa
D:6:      layout_basic, mainiacjoe_overflow_boulevard, dreamdust_princess_bridge
D:7:      layout_basic, minmay_temple_entry_steel_oval
D:8:      layout_basic, due_lair_maze_entry_diamond, serial_shops,
          nicolae_shop_temple_entry_statues_fountains,
          nicolae_shop_back_alley_shop, shop, shop, roadster_trireme
D:9:      layout_stronghold, david_orc_2, lemuel_flame_loot_1
Temple:   nicolae_temple_the_god_donut
Orc:1:    layout_caves, serial_shops, shop

Notes
Turn   | Place    | Note
-------+----------+-------------------------------------------
     0 | D:1      | Jeffwins the Oni Fire Elementalist began the quest for the
                  | Orb.
     0 | D:1      | Reached XP level 1. HP: 16/16 MP: 3/3
   144 | D:1      | Reached skill level 1 in Conjurations
   302 | D:1      | Reached XP level 2. HP: 26/26 MP: 1/5
  1330 | D:2      | Reached skill level 1 in Fighting
  1330 | D:2      | Reached skill level 2 in Dodging
  1330 | D:2      | Reached skill level 3 in Fire Magic
  1330 | D:2      | Reached XP level 3. HP: 11/33 MP: 1/7
  1333 | D:2      | Learned a level 2 spell: Scorch
  1670 | D:2      | Found an ornate altar of the Wu Jian Council.
  1686 | D:2      | Reached skill level 3 in Spellcasting
  1892 | D:2      | Found Cainwuom's Distillery.
  1898 | D:2      | Bought a potion of heal wounds for 65 gold pieces
  2495 | D:3      | Found Cicucop's Weapon Emporium.
  2570 | D:3      | Reached XP level 4. HP: 38/41 MP: 4/8
  2921 | D:3      | Noticed a centaur
  2930 | D:3      | Killed a centaur
  2931 | D:3      | Reached skill level 2 in Stealth
  2931 | D:3      | Reached skill level 2 in Conjurations
  2931 | D:3      | Reached XP level 5. HP: 40/49 MP: 1/10
  3551 | D:4      | Reached skill level 2 in Fighting
  3821 | D:4      | Reached skill level 4 in Spellcasting
  3821 | D:4      | Reached XP level 6. HP: 7/59 MP: 4/12
  3821 | D:4      | Gained mutation: Your flesh is cold resistant. (rC+)
                  | [potion of mutation]
  3821 | D:4      | Gained mutation: You are strong-willed. (Will+) [potion of
                  | mutation]
  3821 | D:4      | HP: 5/59 [poisoned by a scorpion]
  3823 | D:4      | HP: 1/59 [poisoned by a scorpion]
  3923 | D:4      | Noticed a black bear
  3929 | D:4      | Killed a black bear
  3930 | D:4      | Reached skill level 4 in Fire Magic
  4060 | D:5      | Entered Level 5 of the Dungeon
  4067 | D:5      | Reached skill level 3 in Conjurations
  4120 | D:5      | Found Umaoreta's Distillery.
  4155 | D:5      | Bought a potion of heal wounds for 70 gold pieces
  4203 | D:5      | Reached skill level 3 in Fighting
  4203 | D:5      | Reached XP level 7. HP: 67/67 MP: 5/14
  4346 | D:5      | Noticed Eustachio
  4369 | D:5      | Killed Eustachio
  4370 | D:5      | Reached skill level 5 in Spellcasting
  5015 | D:5      | Reached skill level 4 in Fighting
  5015 | D:5      | Reached XP level 8. HP: 69/78 MP: 9/16
  5072 | D:5      | Reached skill level 4 in Conjurations
  5072 | D:5      | Reached skill level 5 in Fire Magic
  5358 | D:5      | Noticed Dowan
  5362 | D:5      | Killed Dowan
  5394 | D:5      | Noticed Duvessa
  5405 | D:5      | HP: 5/79 [Duvessa/+0 short sword of protection (9)]
  5411 | D:5      | Killed Duvessa
  5412 | D:5      | Reached skill level 6 in Spellcasting
  5853 | D:6      | Found an opulent altar of Gozag.
  6160 | D:6      | Reached skill level 5 in Fighting
  6202 | D:6      | Reached skill level 5 in Conjurations
  6364 | D:6      | Reached skill level 6 in Fire Magic
  6364 | D:6      | Reached XP level 9. HP: 55/88 MP: 5/19
  6387 | D:6      | Reached skill level 7 in Spellcasting
  7167 | D:7      | Reached skill level 6 in Fighting
  7444 | D:7      | Found a staircase to the Ecumenical Temple.
  7467 | Temple   | Entered the Ecumenical Temple
  7492 | Temple   | Became a worshipper of Vehumet
  7552 | D:7      | Reached skill level 6 in Conjurations
  7845 | D:8      | Found Ystaapsi's Book Boutique.
  7873 | D:8      | Reached skill level 8 in Spellcasting
  7879 | D:8      | Noticed a hornet
  7885 | D:8      | Reached skill level 7 in Fire Magic
  7890 | D:8      | Killed a hornet
  7894 | D:8      | Reached XP level 10. HP: 80/100 MP: 10/22
  7929 | D:8      | Reached skill level 1 in Evocations
  8161 | D:8      | Reached skill level 7 in Fighting
  8232 | D:8      | Found Teogrush's Assorted Antiques.
  8235 | D:8      | Found a staircase to the Lair.
  8257 | D:8      | Bought a scroll labelled VAUTER HUURIUD for 34 gold pieces
  8257 | D:8      | Bought a scroll labelled VUFOUNEGUDI for 34 gold pieces
  8257 | D:8      | Bought a scroll labelled VUFOUNEGUDI for 34 gold pieces
  8257 | D:8      | Bought a scroll labelled MIOC XAL UTI for 34 gold pieces
  8257 | D:8      | Bought a scroll labelled IPICUMU XAMELO for 34 gold pieces
  8700 | D:8      | Found Odomunut's Book Shop.
  8862 | D:8      | Identified the +8 chain mail "Rypiv" {Int-5 Dex+7}
  8875 | D:8      | Reached skill level 9 in Spellcasting
  8875 | D:8      | Reached skill level 7 in Conjurations
  9143 | D:8      | Found an ancient bone altar of Kikubaaqudgha.
  9809 | D:8      | Found Huen's Magic Scroll Shoppe.
  9815 | D:8      | Bought a scroll of poison for 56 gold pieces
  9815 | D:8      | Bought a scroll of teleportation for 42 gold pieces
  9966 | D:9      | Reached * piety under Vehumet
  9966 | D:9      | Offered knowledge of Sting by Vehumet.
 10206 | D:9      | Noticed a two-headed ogre
 10219 | D:9      | Killed a two-headed ogre
 10220 | D:9      | Reached skill level 8 in Fire Magic
 10220 | D:9      | Reached skill level 2 in Evocations
 10403 | D:9      | Found a staircase to the Orcish Mines.
 11554 | Orc:1    | Entered Level 1 of the Orcish Mines
 11722 | Orc:1    | Noticed a kobold blastminer
 11723 | Orc:1    | Noticed a kobold blastminer
 11728 | Orc:1    | Noticed an ettin
 11734 | Orc:1    | Killed a kobold blastminer
 11735 | Orc:1    | Reached skill level 8 in Fighting
 11735 | Orc:1    | Reached XP level 11. HP: 24/111 MP: 24/24
 11735 | Orc:1    | Demolished by an ettin

Vanquished Creatures
  A two-headed ogre (D:9)
  A kobold blastminer (Orc:1)
  A komodo dragon (D:8)
  A troll (D:9)
  A merfolk (D:8)
  A hornet (D:8)
  2 yaks (D:8)
  Eustachio (D:5)
  A steam dragon (D:6)
  Duvessa (D:5)
  2 water moccasins
  2 orc warriors (D:9)
  4 sky beasts
  An ice beast (D:8)
  6 black bears
  2 ogres (D:5)
  4 centaurs
  2 kobold brigands
  9 bullfrogs
  3 gnoll sergeants
  3 scorpions
  Dowan (D:5)
  3 wights (D:7)
  8 killer bees (D:9)
  2 howler monkeys
  An orc priest (D:5)
  A hound (D:5)
  5 jellies
  2 iguanas (D:5)
  5 orc wizards
  5 adders
  19 gnolls
  3 white imps
  A dart slug (D:4)
  28 orcs
  11 ball pythons
  6 endoplasms
  A giant cockroach (D:4)
  4 hobgoblins
  7 jackals
  5 quokkas
  5 bats
  3 frilled lizards
  15 kobolds
  2 rats (D:3)
192 creatures vanquished.

Vanquished Creatures (collateral kills)
  21 foxfires (D:8)
21 creatures vanquished.

Vanquished Creatures (others)
  677 foxfires
677 creatures vanquished.

Grand Total: 890 creatures vanquished

Table legend: (Time is in decaauts)
 A = Elapsed time spent in this place.
 B = Non-inter-level travel time spent in this place.
 C = Inter-level travel time spent in this place.
 D = Time resting spent in this place.
 E = Time spent auto-exploring this place.
 F = Levels seen in this place.
 G = Mean time per level.
                   A        B        C        D        E       F      G
               +--------+--------+--------+--------+--------+-----+--------+
         Total |  11750 |  11466 |    284 |    536 |   9506 |  11 | 1068.2 |
       Dungeon |  11519 |  11283 |    236 |    536 |   9356 |   9 | 1279.9 |
        Temple |     50 |      2 |     48 |      0 |      0 |   1 |   50.0 |
  Orcish Mines |    180 |    180 |      0 |      0 |    150 |   1 |  180.0 |
               +--------+--------+--------+--------+--------+-----+--------+

Top non-repeatable levels by time:
     D:8: 2173 daAuts
     D:5: 1901 daAuts
     D:9: 1633 daAuts
     D:1: 1261 daAuts
     D:2: 991 daAuts
     D:4: 977 daAuts
     D:6: 969 daAuts
     D:3: 835 daAuts
     D:7: 774 daAuts
   Orc:1: 180 daAuts
  Temple: 50 daAuts

Table legend:
 A = Non-vault XP
 B = Vault XP
 C = Vault XP percentage of total XP
 D = Non-vault monster count
 E = Vault monster count
 F = Vault count percentage of total count
                 A         B        C        D         E       F
            +---------+---------+-------+---------+---------+-------
      Total |    6415 |    3185 |  33.2 |     151 |      41 |  21.4
            +---------+---------+-------+---------+---------+-------
        D:1 |      29 |       0 |   0.0 |      17 |       0 |   0.0
        D:2 |      26 |       0 |   0.0 |       9 |       0 |   0.0
        D:3 |      32 |     133 |  80.6 |      12 |       6 |  33.3
        D:4 |     270 |       0 |   0.0 |      18 |       0 |   0.0
        D:5 |     847 |     409 |  32.6 |      19 |       3 |  13.6
        D:6 |    1128 |       0 |   0.0 |      21 |       0 |   0.0
        D:7 |     782 |       0 |   0.0 |      12 |       0 |   0.0
        D:8 |     513 |    2492 |  82.9 |      11 |      24 |  68.6
        D:9 |    2234 |     151 |   6.3 |      26 |       8 |  23.5
      Orc:1 |     554 |       0 |   0.0 |       6 |       0 |   0.0
            +---------+---------+-------+---------+---------+-------
